Map: Ulrena

Players

ILLBdA

  • Race: Protoss Protoss
  • League: Diamond

SJoY - Winner!

  • Race: Zerg Zerg
  • League: Diamond

VOD

Have the link to the VOD?

Description

Time

  • Played on: Dec. 30, 2015, 6:12 a.m.
  • Length: 11:09
Show
View Real Time Build Order
Export as new Build Order

ILLBdA Protoss 

Build Orders: Cannon Rush 

Get SALT Encoding   

  12  0:01  Probe (Chrono Boost)  
  13  0:11  Probe (Chrono Boost)  
  14  0:19  Pylon  
  14  0:22  Probe (Chrono Boost)  
  15  0:38  Probe (Chrono Boost)  
  15  0:40  Forge  
  16  0:48  Probe (Chrono Boost)  
  17  0:59  Probe (Chrono Boost)  
  18  1:04  Pylon  
  18  1:09  Probe (Chrono Boost)  
  19  1:20  Probe (Chrono Boost)  
  20  1:27  Photon Cannon  
  20  1:30  Photon Cannon  
  20  1:40  Pylon  
  20  1:41  Pylon  
  20  1:55  Photon Cannon  
  20  2:00  Photon Cannon  
  20  2:17  Probe (Chrono Boost), Gateway  
  20  2:21  Assimilator  
  21  2:26  Assimilator  
  21  2:27  Probe (Chrono Boost)  
  22  2:31  Pylon  
  22  2:33  Pylon  
  22  2:34  Gateway  
  22  2:38  Probe (Chrono Boost)  
  23  2:50  Photon Cannon  
  23  2:56  Photon Cannon  
  23  2:57  Probe (Chrono Boost)  
  24  3:06  Cybernetics Core  
  24  3:12  Zealot (Chrono Boost)  
  26  3:25  Zealot (Chrono Boost)  
  28  3:31  Probe  
  29  3:43  Stalker (Chrono Boost), Warp Gate  
  29  3:44  Mothership Core (Chrono Boost)  
  33  3:54  Stargate  
  33  4:27  Nexus  
  33  4:30  Pylon  
  33  4:32  Probe (Chrono Boost)  
  33  4:34  Adept  
  34  4:42  Oracle (Chrono Boost)  
  35  4:47  Probe  
  36  4:52  Gateway  
  36  4:54  Sentry  
  38  5:09  Gateway  
  40  5:14  Phoenix (Chrono Boost)  
  40  5:19  Probe  
  41  5:22  Pylon  
  41  5:28  Pylon  
  41  5:31  Probe  
  42  5:43  Probe  
  42  5:46  Oracle (Chrono Boost)  
  42  5:47  Probe  
  47  5:55  Probe  
  48  6:01  Probe  
  48  6:03  Assimilator  
  49  6:05  Assimilator  
  49  6:07  Probe  
  49  6:09  Adept  
  49  6:11  Sentry  
  54  6:12  Probe  
  55  6:19  Probe  
  55  6:22  Pylon  
  55  6:23  Probe  
  57  6:30  Oracle (Chrono Boost)  
  57  6:31  Probe  
  61  6:33  Probe  
  62  6:44  Probe x2  
  64  6:53  Stargate  
  64  6:54  Zealot x3  
  68  6:56  Probe  
  71  7:09  Probe  
  71  7:12  Pylon  
  70  7:25  Pylon  
  70  7:28  Probe  
  75  7:30  Probe, Oracle (Chrono Boost)  
  75  7:34  Pylon  
  78  7:41  Oracle (Chrono Boost)  
  78  7:46  Twilight Council, Zealot  
  78  7:47  Zealot  
  82  7:51  Pylon  
  82  7:52  Pylon  
  82  8:01  Oracle (Chrono Boost)  
  85  8:07  Stalker x3  
  91  8:26  Nexus  
  91  8:37  Templar Archives  
  91  8:38  Void Ray (Chrono Boost)  
  99  8:42  Void Ray (Chrono Boost)  
  99  8:49  Pylon  
  99  9:01  Stalker x2  
  99  9:02  Stalker  
  105  9:11  Psionic Storm  
  105  9:14  Probe  
  106  9:18  Probe  
  107  9:24  High Templar  
  107  9:26  Probe  
  107  9:28  Zealot  
  112  9:31  Zealot  
  112  9:32  Zealot  
  112  9:36  Probe  
  117  9:51  Probe, Pylon x2, High Templar  
  120  10:03  High Templar  
  122  10:13  Gateway x2  
  122  10:15  High Templar  
  122  10:17  Gateway  
  122  10:19  Gateway  
  122  10:20  Gateway  
  124  10:22  Gateway  
  124  10:23  Gateway  
  124  10:25  Gateway  
  124  10:28  Assimilator  
  124  10:30  Assimilator  
  124  10:31  High Templar  
  126  10:47  High Templar x2  
  118  11:01  Archon x3  
  118  11:03  Zealot x2  
Show
View Real Time Build Order
Export as new Build Order

SJoY Zerg - Winner!

Build Orders: Hatch First 

Get SALT Encoding   

  12  0:00  Drone  
  13  0:09  Drone  
  14  0:17  Overlord  
  14  0:29  Extractor x2  
  14  0:30  Drone x2  
  14  0:35  Drone  
  17  0:44  Drone  
  18  0:57  Hatchery  
  17  0:59  Drone  
  18  1:06  Drone  
  19  1:24  Spawning Pool  
  18  1:28  Drone x2  
  20  1:42  Drone  
  21  1:55  Drone  
  21  2:12  Hatchery  
  21  2:15  Spine Crawler  
  18  2:16  Queen  
  18  2:17  Overlord  
  18  2:18  Drone  
  18  2:20  Extractor x2  
  18  2:21  Drone  
  20  2:32  Drone  
  21  2:44  Drone  
  22  2:52  Queen  
  24  3:01  Drone  
  25  3:06  Overlord  
  25  3:11  Roach Warren  
  24  3:16  Drone  
  25  3:25  Overlord  
  26  3:27  Drone x2  
  26  3:28  Queen  
  29  3:47  Drone x3  
  32  3:53  Drone x3  
  35  4:06  Drone  
  36  4:10  Roach x3  
  36  4:15  Lair  
  42  4:29  Roach x2  
  46  4:36  Drone x3  
  49  4:43  Ravager x2  
  49  4:44  Overlord, Ravager  
  49  4:45  Overlord  
  52  5:02  Overlord x2  
  52  5:05  Roach  
  55  5:07  Drone x4  
  55  5:10  Drone x2  
  60  5:36  Hatchery  
  60  5:42  Drone x5  
  64  5:45  Overlord x2, Extractor x2  
  64  5:46  Overlord  
  64  5:48  Spore Crawler  
  61  5:58  Overlord  
  61  6:01  Spore Crawler  
  61  6:02  Spore Crawler  
  61  6:04  Drone x2  
  60  6:05  Drone x4  
  65  6:12  Glial Reconstitution  
  65  6:14  Roach  
  67  6:20  Drone x4  
  67  6:24  Overlord  
  71  6:27  Pneumatized Carapace  
  71  6:29  Drone  
  71  6:32  Hatchery  
  71  6:42  Drone x2  
  73  6:50  Roach x4  
  73  6:51  Evolution Chamber x2  
  79  6:57  Drone x2, Roach  
  83  7:06  Roach x2  
  84  7:13  Roach  
  83  7:22  Roach x2  
  85  7:26  Ravager x2  
  87  7:32  Roach x4  
  87  7:35  Extractor  
  87  7:36  Zerg Missile Weapons Level 1, Zerg Ground Armor Level 1, Extractor  
  93  7:45  Roach x2  
  93  7:46  Spine Crawler  
  93  7:47  Spine Crawler  
  95  7:53  Hydralisk Den  
  95  7:54  Roach x5  
  95  7:55  Drone x3  
  95  7:56  Drone x3  
  95  7:57  Queen  
  112  8:08  Ravager x4  
  112  8:11  Drone x3  
  119  8:15  Spore Crawler, Drone x2  
  119  8:18  Metabolic Boost  
  120  8:24  Overlord x3  
  120  8:29  Muscular Augments  
  120  8:36  Spore Crawler  
  120  8:38  Spore Crawler  
  120  8:39  Drone x2  
  120  8:40  Spore Crawler  
  119  8:41  Overlord  
  119  8:42  Overlord  
  119  8:44  Drone  
  120  8:53  Infestation Pit  
  120  8:54  Drone x5  
  120  8:55  Drone  
  125  9:00  Drone  
  125  9:01  Drone  
  125  9:02  Overlord  
  127  9:12  Roach x5  
  127  9:13  Roach  
  127  9:15  Drone  
  140  9:22  Overseer  
  140  9:30  Hive, Spire  
  139  9:42  Hatchery  
  138  9:48  Hydralisk x5  
  148  9:59  Hydralisk  
  148  10:00  Hydralisk x4  
  148  10:05  Extractor  
  148  10:06  Extractor  
  156  10:10  Hydralisk  
  156  10:11  Hydralisk  
  160  10:24  Overlord x5  
  160  10:45  Hatchery  
Tags
 
Add a new tag
Caveats
  • Supply blocks, unpowered buildings, or Contaminate may cause inaccurate times.
  • Supply counts are checked every 10 seconds.